 Dungeon Crawl Stone Soup version 0.18-a0-921-g28655ce (webtiles) character file.

8432 George the Carver (level 11, 0/97 HPs)
             Began as a Minotaur Fighter on Dec 27, 2015.
             Was a High Priest of Okawaru.
             Killed from afar by a raiju (27 damage)
             ... with a living lightning
             ... on level 2 of the Abyss.
             The game lasted 00:24:27 (9339 turns).

George the Carver (Minotaur Fighter)                Turns: 9339, Time: 00:24:27

Health: 0/97       AC: 20    Str: 23    XL:     11   Next: 9%
Magic:  13/15      EV: 15    Int:  5    God:    Okawaru [*****.]
Gold:   563        SH: 14    Dex: 11    Spells: 0 memorised, 10 levels left

rFire  . . .     SeeInvis +     a - +1 long sword (venom)
rCold  . . .     Gourm    .     M - +0 plate armour
rNeg   . . .     Faith    .     c - +1 shield
rPois  .         Spirit   .     (helmet restricted)
rElec  .         Dismiss  .     Z - +1 cloak {+Inv}
rCorr  .         Reflect  .     U - +0 pair of gloves (curse)
SustAt .         Harm     +     (no boots)
MR     +....                    X - amulet of harm
Stlth  ..........               R - ring of Zumidgh {MR+ Slay+3 SInv}
                                L - +3 ring of evasion

@: heroism, somewhat resistant to hostile enchantments, extremely unstealthy
A: retaliatory headbutt, horns 2
a: Heroism, Finesse, Renounce Religion, Evoke Invisibility


You were on level 2 of the Abyss.
You worshipped Okawaru.
Okawaru was extremely pleased with you.
You were not hungry.

You visited 2 branches of the dungeon, and saw 11 of its levels.
You visited the Abyss 1 time.

You collected 563 gold pieces.

Inventory:

Hand Weapons
 a - a +1 long sword of venom (weapon)
 I - the +2 rapier of Wowaud {pierce, *Rage rF+ rC+++ Stlth+}
   (You took it off an orc wizard on level 5 of the Dungeon)

   It inflicts extra damage upon your enemies.
   It protects you from fire.
   It renders you almost immune to cold.
   It may make you go berserk in combat.
   It makes you more stealthy.
Armour
 c - a +1 shield (worn)
 M - a +0 plate armour (worn)
 U - a cursed +0 pair of gloves (worn)
 Z - a +1 cloak of invisibility (worn)
Jewellery
 A - an uncursed ring of flight
 B - a +5 ring of dexterity
 L - a +3 ring of evasion (left hand)
 Q - an uncursed ring of ice
 R - the ring of Zumidgh (right hand) {MR+ Slay+3 SInv}
   (You found it on level 2 of the Abyss)

   [ring of see invisible]

   It affects your accuracy and damage with ranged weapons and melee attacks
   (+3).
   It affects your resistance to hostile enchantments.
   It lets you see invisible.
 X - an amulet of harm (around neck)
Wands
 x - a wand of cold (6/15)
 C - a wand of fire (9/15)
 E - a wand of confusion (27/48)
 G - a wand of digging (7/24)
 H - a wand of heal wounds (5/9)
 N - a wand of slowing (19/48)
Scrolls
 m - 4 scrolls of remove curse
 r - a scroll of enchant armour
 w - 2 scrolls of enchant weapon
 D - 2 scrolls of blinking
 O - a scroll of magic mapping
 P - 2 scrolls of recharging
 S - a scroll of identify
 V - a scroll of fog
Potions
 d - 4 potions of might
 i - 2 potions of magic
 l - a potion of cure mutation
 p - 3 potions of haste
 q - 5 potions of curing
 s - 2 potions of resistance
 J - 2 potions of brilliance
 K - a potion of heal wounds
Comestibles
 f - 9 bread rations
 k - 6 meat rations
 v - 10 royal jellies
 T - 5 chunks of flesh
 W - 7 fruits
 Y - 2 beef jerkies


   Skills:
 + Level 9.3(14.3) Fighting
 + Level 10.2(15.2) Long Blades
 + Level 8.7(13.7) Armour
 + Level 7.3(12.3) Dodging
 + Level 8.7(13.7) Shields
 + Level 6.6 Invocations


You had 10 spell levels left.
You didn't know any spells.

Dungeon Overview and Level Annotations

Branches:
Dungeon (10/15)            Temple (1/1) D:4
   Lair: D:8-11         Orc: D:9-12

Altars:
Ashenzari
Cheibriados
Dithmenos
Elyvilon
Fedhas
Gozag
Kikubaaqudgha
Makhleb
Nemelex Xobeh
Okawaru
Pakellas
Qazlal
Ru
Sif Muna
Trog
Vehumet
Xom
Yredelemnul
Zin
The Shining One

Shops:
D:7 [   D:9 =

Annotations:
D:10 Erolcha


Innate Abilities, Weirdness & Mutations

You reflexively headbutt those who attack you in melee.
You have a pair of horns on your head.


Message History

The living lightning hits you!
* * * LOW HITPOINT WARNING * * *
The living lightning hits the raiju.
The raiju completely resists.
The raiju blinks!
You block the raiju's attack.
Drink which item? (? for menu, Esc to quit)
You feel much better.
You kill the raiju!
Okawaru accepts your kill.
A lich comes into view.
You miss the raiju.
The lich shouts!
You headbutt the raiju!
The raiju is almost dead.
The raiju bursts into living lightning!
The living lightning misses you. The living lightning hits you!
* * * LOW HITPOINT WARNING * * *
The raiju blinks!
The raiju bursts into living lightning!
The living lightning hits you!
You die...

..#### .... . .
##.#.... .....# ..#
#....# . ..... #
#...##...## ........#
#......#.#..:...# .
....#..... .# # .
##.........#. . ...
#.###........_......♣.
#..h.@.§# ...h.....≈.
#.#...§..h..#. .. ...
#.........##....... .≈
..........h#... ...
... ##.####.####
+#...≈. . # #.## # .
.. .. :? .#. .. L ..
.. ###. .. )


You could see a lich and 3 raiju.

Vanquished Creatures
  An unseen horror (D:10)
  Pikel (D:5)
  A deep elf mage (D:9)
  Joseph (D:8)
  The ghost of M4edhros the Sneak, a novice OpAr (D:6)
  A queen bee (D:8)
  A raiju (Abyss:2)
  7 yaks
  2 hungry ghosts
  2 hippogriffs
  A slave (D:5)
  3 orc warriors
  3 ogres
  2 ice beasts
  4 centaurs
  A crocodile (D:9)
  A big kobold (D:8)
  5 giant frogs
  A wyvern zombie (D:8)
  A gnoll sergeant (D:9)
  3 scorpions
  21 killer bees (D:8)
  3 crimson imps
  8 wights
  A giant frog zombie (D:9)
  A gnoll shaman (D:5)
  A jelly (D:7)
  A giant frog skeleton (D:5)
  7 worker ants
  9 orc wizards
  7 hounds
  5 iguanas
  6 orc priests
  A hound zombie (D:9)
  2 hound skeletons (D:4)
  13 gnolls
  6 adders
  3 shadow imps
  An adder skeleton (D:4)
  4 worms
  16 giant geckos
  29 orcs
  7 ball pythons
  9 bats
  3 bat skeletons (D:8)
  3 bat zombies (D:8)
  5 giant cockroaches
  8 hobgoblins
  8 jackals
  5 quokkas
  A giant gecko skeleton (D:7)
  A giant gecko zombie (D:5)
  8 giant newts
  8 goblins
  A jackal skeleton (D:8)
  13 kobolds
  A quokka zombie (D:5)
  14 rats
  A spectral orc (D:2)
284 creatures vanquished.

Vanquished Creatures (others)
  A hippogriff (D:7)
  A plant (D:5)
2 creatures vanquished.

Grand Total: 286 creatures vanquished

Notes
Turn   | Place    | Note
--------------------------------------------------------------
     0 | D:1      | George the Minotaur Fighter began the quest for the Orb.
     0 | D:1      | Reached XP level 1. HP: 19/19 MP: 0/0
   151 | D:1      | Reached XP level 2. HP: 21/26 MP: 1/1
   314 | D:1      | Reached skill level 4 in Long Blades
   802 | D:1      | Reached XP level 3. HP: 28/31 MP: 2/2
  1127 | D:2      | Reached skill level 5 in Long Blades
  1184 | D:2      | Reached XP level 4. HP: 39/39 MP: 3/3
  1763 | D:2      | Found a basalt altar of Yredelemnul.
  1864 | D:3      | Found a sparkling altar of Nemelex Xobeh.
  2115 | D:3      | Reached skill level 6 in Long Blades
  2126 | D:3      | Reached XP level 5. HP: 15/45 MP: 4/4
  2790 | D:4      | Found a burning altar of Makhleb.
  2790 | D:4      | Found an iron altar of Okawaru.
  2790 | D:4      | Found a sacrificial altar of Ru.
  2796 | D:4      | Became a worshipper of Warmaster Okawaru
  2817 | D:4      | Noticed an ogre
  2833 | D:4      | Killed an ogre
  2973 | D:4      | Reached skill level 1 in Dodging
  2973 | D:4      | Reached XP level 6. HP: 52/52 MP: 5/5
  3078 | D:4      | Found a staircase to the Ecumenical Temple.
  3084 | Temple   | Entered the Ecumenical Temple
  3224 | D:4      | Reached skill level 1 in Invocations
  3413 | D:4      | Reached * piety under Okawaru
  3644 | D:4      | Reached XP level 7. HP: 53/60 MP: 7/7
  3847 | D:5      | Entered Level 5 of the Dungeon
  3855 | D:5      | Noticed a moth of wrath
  3941 | D:5      | Reached skill level 7 in Long Blades
  4005 | D:5      | Reached skill level 5 in Fighting
  4351 | D:5      | Noticed Pikel
  4370 | D:5      | Killed Pikel
  4370 | D:5      | Reached ** piety under Okawaru
  4370 | D:5      | Reached *** piety under Okawaru
  4370 | D:5      | Reached skill level 5 in Armour
  4370 | D:5      | Reached skill level 5 in Shields
  4370 | D:5      | Reached XP level 8. HP: 68/70 MP: 7/9
  4494 | D:5      | Got a dazzling rapier {pierce}
  4511 | D:5      | Identified the cursed +2 rapier of Wowaud {pierce, *Rage rF+ rC+++ Stlth+} (You took it off an orc wizard on level 5 of the Dungeon)
  4606 | D:5      | You fall through a shaft for 3 floors!
  4624 | D:8      | Found a sacrificial altar of Ru.
  4712 | D:8      | Noticed a queen bee
  4717 | D:8      | Received a gift from Okawaru
  4807 | D:8      | Reached skill level 8 in Long Blades
  4951 | D:8      | Reached **** piety under Okawaru
  5119 | D:7      | Reached XP level 9. HP: 76/78 MP: 11/11
  5219 | D:5      | Found a bloodstained altar of Trog.
  5459 | D:6      | Noticed M4edhros's ghost (novice OpAr)
  5497 | D:6      | Killed M4edhros's ghost
  5564 | D:6      | Found a snail-covered altar of Cheibriados.
  5661 | D:6      | Found a shadowy altar of Dithmenos.
  5779 | D:6      | Found a sparkling altar of Nemelex Xobeh.
  5853 | D:6      | Reached skill level 5 in Dodging
  6281 | D:7      | Found a white marble altar of Elyvilon.
  6382 | D:7      | Reached skill level 9 in Long Blades
  6551 | D:7      | Reached ***** piety under Okawaru
  6563 | D:7      | Found Irghogg's Antique Armour Shoppe.
  6697 | D:7      | Found an oddly glowing altar of Pakellas.
  6697 | D:7      | Noticed an orange crystal statue
  7001 | D:8      | Noticed Joseph
  7015 | D:8      | Killed Joseph
  7015 | D:8      | Reached skill level 5 in Invocations
  7034 | D:8      | Received a gift from Okawaru
  7040 | D:8      | Reached XP level 10. HP: 28/88 MP: 12/12
  7555 | D:8      | Found a blossoming altar of Fedhas.
  7923 | D:8      | Found an ancient bone altar of Kikubaaqudgha.
  8450 | D:9      | Found Aphow's Jewellery Boutique.
  8464 | D:9      | Noticed a deep elf mage
  8473 | D:9      | Killed a deep elf mage
  8473 | D:9      | Received a gift from Okawaru
  8473 | D:9      | Reached skill level 10 in Long Blades
  8892 | D:9      | Found a shattered altar of Ashenzari.
  9141 | D:10     | Entered Level 10 of the Dungeon
  9162 | D:10     | Killed an unseen horror
  9162 | D:10     | Reached XP level 11. HP: 72/97 MP: 14/14
  9273 | D:10     | Noticed Erolcha
  9278 | D:10     | Cast into level 2 of the Abyss (Erolcha)
  9299 | Abyss:2  | Found a corrupted altar of Lugonu.
  9305 | Abyss:2  | Got a faintly glowing copper ring
  9307 | Abyss:2  | Identified the ring of Zumidgh {MR+ Slay+3 SInv} (You found it on level 2 of the Abyss)
  9335 | Abyss:2  | HP: 4/97 [raiju/living lightning (22)]
  9339 | Abyss:2  | Noticed a lich
  9339 | Abyss:2  | Killed from afar by a raiju

Vault maps used:
D:1:      dpeg_arrival_morbid_curiosity, st_stairs_14
D:2:      yredelemnul_forgotten_temple_becter, first_bread,
          minmay_item_behind_shaft, minmay_shallow_snake_nest
D:3:      nemelex_deck
D:4:      grunt_temple_overflow_open, minmay_temple_entry_grid
D:5:      tgw_trog, minmay_lizard_king, uniq_pikel
D:6:      grunt_dithmenos_smoke_and_mirrors, cheibriados_altar_1,
          nemelex_spade_bored_becter
D:7:      elyvilon_altar_3, serial_shops, nicolae_shop_behind_doors,
          gammafunk_pakellas_statue_experiment
D:8:      fedhas_altar_1, kennysheep_vampire_church, david_nohive_1,
          minmay_misc_feat_diagonals, minmay_misc_feat_five,
          nicolae_ru_sacrificial_ziggurat, uniq_joseph
D:9:      marbit_many_paths, serial_shops, kennysheep_little_box, eino_jars,
          grunt_decor_mini_mirrors
D:10:     david_orc_2, serial_shops, shop, serial_bayou_ford_a, uniq_erica,
          uniq_erolcha
Temple:   circular_temple_pool_8
Abyss:2:  evilmike_abyss_exit_11, evilmike_abyss_exit_mutagenic

Action                   |  1- 3 |  4- 6 |  7- 9 | 10-12 || total
-------------------------+-------+-------+-------+-------++-------
Melee: Long sword        |   104 |   196 |   342 |   230 ||   872
Throw: Tomahawk          |       |       |     3 |       ||     3
Invok: Heroism           |       |       |       |     2 ||     2
Evoke: Wand              |       |       |     1 |     1 ||     2
  Use: Scroll            |       |       |    16 |     6 ||    22
       Potion            |       |       |       |     2 ||     2
  Eat: Chunk             |     1 |     8 |    10 |     9 ||    28
       Pizza             |       |       |       |     1 ||     1
